Map: Overgrowth LE (Void)

Players

Musumeci - Winner!

  • Race: Zerg Zerg
  • League: Diamond
  • Spawn Location: 1:00

Regis

  • Race: Zerg Zerg
  • Spawn Location: 7:00

VOD

Have the link to the VOD?

Description

Time

  • Played on: Dec. 22, 2016, 11:43 a.m.
  • Length: 3:22
Show
View Real Time Build Order
Export as new Build Order

Musumeci Zerg - Winner!

Build Orders: Hatch First 

Get SALT Encoding   

  12  0:06  Drone  
  13  0:08  Drone  
  14  0:22  Drone, Extractor  
  15  0:44  Hatchery, Extractor  
  15  0:45  Drone  
  15  1:06  Spawning Pool  
  15  1:10  Drone, Extractor  
  14  1:14  Drone, Extractor  
  15  1:19  Overlord  
  15  1:55  Zergling x2  
  15  1:56  Zergling x4  
  18  2:07  Zergling x4  
  20  2:10  Zergling x2  
  20  2:11  Queen  
  23  2:24  Zergling x4  
  25  2:44  Zergling x6  
  28  2:53  Baneling Nest  
  28  2:54  Zergling x2  
  28  2:57  Overlord  
Show
View Real Time Build Order
Export as new Build Order

Regis Zerg 

Build Orders: Hatch First 

Get SALT Encoding   

  12  0:01  Drone  
  13  0:12  Overlord  
  13  0:17  Drone  
  14  0:31  Drone x2  
  14  0:35  Drone  
  17  0:56  Hatchery  
  17  0:57  Drone  
  17  0:59  Extractor  
  16  1:12  Spawning Pool  
  16  1:16  Drone  
  16  1:28  Drone x2  
  18  1:37  Drone  
  19  2:01  Queen  
  19  2:02  Metabolic Boost  
  19  2:08  Queen  
  23  2:11  Drone  
  24  2:16  Zergling x2  
  24  2:19  Zergling x2  
  26  2:24  Overlord  
  26  2:27  Drone  
  27  2:35  Zergling x2  
  28  2:41  Queen, Zergling x2  
  28  2:42  Zergling x2  
  28  2:43  Zergling x2  
  31  2:49  Zergling x2  
  30  2:53  Zergling x2  
  31  3:03  Zergling x2  
  31  3:04  Zergling x2  
Tags
 
Add a new tag
Caveats
  • Supply blocks, unpowered buildings, or Contaminate may cause inaccurate times.
  • Supply counts are checked every 10 seconds.